 Dungeon Crawl Stone Soup version 0.17.0-56-gd8de76c (webtiles) character file.

30 Gargoyl the Skirmisher (level 3, -4/29 HPs)
             Began as a Demonspawn Abyssal Knight on Dec 5, 2015.
             Was a Follower of Lugonu.
             Slain by a worm (10 damage)
             ... on level 2 of the Dungeon.
             The game lasted 00:01:51 (1002 turns).

Gargoyl the Skirmisher (Demonspawn Abyssal Knight)  Turns: 1002, Time: 00:01:51

Health: -4/29      AC:  4    Str: 13    XL:     3   Next: 5%
Magic:  5/5        EV: 11    Int: 13    God:    Lugonu [*.....]
Gold:   75         SH:  0    Dex: 12    Spells: 0 memorised, 2 levels left

rFire  . . .     SeeInvis .     a - +1 hand axe
rCold  . . .     Clarity  .     b - +0 leather armour
rNeg   . . .     SustAt   .     (no shield)
rPois  .         Gourm    .     (no helmet)
rElec  .         Spirit   .     (no cloak)
rCorr  .         Warding  .     (no gloves)
rMut   .         Stasis   .     (no boots)
MR     .....                    (no amulet)
Stlth  +.........               (no ring)
                                (no ring)

@: not resistant to hostile enchantments, very unstealthy
A: hooves 1, icy blue scales 1
a: Depart the Abyss, Renounce Religion


You were on level 2 of the Dungeon.
You worshipped Lugonu.
Lugonu was aware of your devotion.
You were hungry.

You visited 1 branch of the dungeon, and saw 2 of its levels.
You visited the Abyss 1 time.

You collected 75 gold pieces.

Inventory:

Hand Weapons
 a - a +1 hand axe (weapon)
Armour
 b - a +0 leather armour (worn)
Scrolls
 d - a scroll of identify {unknown}
 g - a scroll of immolation {unknown}
 h - a scroll of remove curse {unknown}
 i - a scroll of random uselessness {unknown}
 l - a scroll of enchant armour {unknown}
 m - a scroll of noise {unknown}
 n - a scroll of recharging {unknown}
 o - a scroll of teleportation {unknown}
Potions
 e - 2 potions of ambrosia {unknown}
 j - a potion of curing {unknown}
 k - a potion of cure mutation {unknown}
Comestibles
 c - 2 bread rations
 f - a slice of pizza
 p - 2 chunks of flesh


   Skills:
 + Level 3.5 Fighting
 + Level 2.0 Axes
 + Level 2.0 Armour
 + Level 1.4 Dodging
 + Level 2.8 Invocations


You had 2 spell levels left.
You didn't know any spells.

Dungeon Overview and Level Annotations

Branches:
Dungeon (2/15)

Altars:


Innate Abilities, Weirdness & Mutations

You have large cloven feet.
You are partially covered in icy blue scales (AC +1).


Message History

The worm is heavily wounded.
The worm barely misses you.
You hit the worm.
The worm is severely wounded.
You barely miss the worm. You kick the worm, but do no damage.
The worm is severely wounded.
The worm bites you.
* * * LOW HITPOINT WARNING * * *
You hit the worm.
The worm is severely wounded.
The worm bites you but does no damage.
You barely miss the worm. You kick the worm, but do no damage.
The worm is severely wounded.
You completely miss the worm.
The worm is severely wounded.
The worm barely misses you.
You hit the worm.
The worm is almost dead.
The worm bites you!
You die...

.## ######.# .######
#......#
......###......#
#####..........#
###............#
##.>>####......#
..........>....#
.#.>.##.###....########
................@wl...#
<##.#####.#....######.#
......###.#.#.##
.##...........#
.##.........###
.####.###.#.# .# #.#
#.# .# ## #.# .# ..# .#


You could see a worm and a giant newt.

Vanquished Creatures
  An ooze (D:2)
  A worm (D:2)
  A giant gecko (D:1)
  2 giant cockroaches (D:1)
  A hobgoblin (D:1)
  3 kobolds (D:1)
  5 bats
  A giant newt (D:1)
  6 goblins (D:1)
  2 rats
23 creatures vanquished.

Notes
Turn   | Place    | Note
--------------------------------------------------------------
     0 | Abyss:1  | Gargoyl the Demonspawn Abyssal Knight began the quest for the Orb.
     0 | Abyss:1  | Reached XP level 1. HP: 18/18 MP: 2/2
    45 | Abyss:1  | Noticed a small abomination
    63 | Abyss:1  | Noticed a neqoxec
    64 | Abyss:1  | Noticed a large abomination
    66 | Abyss:1  | Noticed a quasit
    70 | D:1      | Escaped the Abyss
   133 | D:1      | Reached skill level 1 in Dodging
   269 | D:1      | Reached * piety under Lugonu
   331 | D:1      | Gained mutation: You are partially covered in icy blue scales (AC +1). [demonic ancestry]
   331 | D:1      | Reached XP level 2. HP: 24/24 MP: 3/3
   803 | D:2      | Gained mutation: You have large cloven feet. [demonic ancestry]
   803 | D:2      | Reached XP level 3. HP: 14/29 MP: 5/5
  1002 | D:2      | Slain by a worm

Action                   || total
-------------------------++-------
Melee: Hand axe          ||    77
Invok: Depart the Abyss  ||     1
